 Dungeon Crawl Stone Soup version 0.25-a0-1136-gc1285e62ab (webtiles) character file.

Game seed: 4554546320712379056, levelgen mode: deterministic

39 DerDa the Chiller (level 3, -2/24 HPs)
             Began as a Demonspawn Ice Elementalist on May 23, 2020.
             Slain by a worm (7 damage)
             ... on level 1 of the Dungeon.
             The game lasted 00:04:16 (1514 turns).

DerDa the Chiller (Demonspawn Ice Elementalist)     Turns: 1514, Time: 00:04:16

Health: -2/24      AC:  2    Str:  8    XL:     3   Next: 28%
Magic:  4/7        EV: 12    Int: 17    God:
Gold:   47         SH:  0    Dex: 13    Spells: 6/7 levels left

rFire    . . .     SeeInvis .   e - -1 whip (curse)
rCold    . . .     Gourm    .   (no shield)
rNeg     . . .     Faith    .   a - +0 robe
rPois    .         Spirit   .   (no helmet)
rElec    .         Reflect  .   (no cloak)
rCorr    .         Harm     .   (no gloves)
MR       .....                  (no boots)
Stlth    ++........             (no amulet)
HPRegen  0.08/turn              (no ring)
MPRegen  0.10/turn              (no ring)

@: no status effects
A: talons 1
a: no special abilities


You were on level 1 of the Dungeon.
You were very hungry.

You visited 1 branch of the dungeon, and saw 2 of its levels.

You collected 47 gold pieces.

Inventory:

Hand Weapons
 e - a cursed -1 whip (weapon)
 f - a +0 hunting sling
Missiles
 i - 44 stones (quivered)
Armour
 a - a +0 robe (worn)
Jewellery
 b - an uncursed amulet of regeneration {unknown}
Scrolls
 d - a scroll of immolation {unknown}
 g - a scroll of noise {unknown}
 h - 2 scrolls of remove curse {unknown}
 j - a scroll of identify {unknown}
Potions
 k - a potion of heal wounds {unknown}
Comestibles
 c - 4 rations


   Skills:
 + Level 2.1 Dodging
 - Level 1.7 Stealth
 * Level 2.7 Spellcasting
 * Level 4.0 Ice Magic


You had 6 spell levels left.
You knew the following spells:

 Your Spells              Type           Power        Failure   Level  Hunger
a - Freeze                Ice            ###.         3%          1    #......

Your spell library contained the following spells:

 Spells                   Type           Power        Failure   Level  Hunger
 Frozen Ramparts          Ice            ###...       10%         3    ###....
 Ozocubu's Armour         Chrm/Ice       #.......     24%         3    ###....
 Hailstorm                Conj/Ice       #.......     61%         4    #####..
 Summon Ice Beast         Ice/Summ       #.......     61%         4    #####..


Dungeon Overview and Level Annotations

Branches:
Dungeon (2/15)

Altars:


Innate Abilities, Weirdness & Mutations

You have sharp toenails.


Message History

You freeze the worm.
The worm is moderately wounded.
Casting: Freeze (safe; 3% risk of failure)
Confirm with . or Enter, or press ? or * to list all spells.
Aiming: Freeze (safe; 3% risk of failure)
Press: ? - help, Shift-Dir - straight line, f/p - worm
Aim: a worm (moderately wounded)
You freeze the worm.
The worm is heavily wounded.
The worm bites you!
* * * LOW HITPOINT WARNING * * *
Casting: Freeze (safe; 3% risk of failure)
Confirm with . or Enter, or press ? or * to list all spells.
Aiming: Freeze (safe; 3% risk of failure)
Press: ? - help, Shift-Dir - straight line, f/p - worm
Aim: a worm (heavily wounded)
You freeze the worm.
The worm is severely wounded.
The worm bites you!
You die...

#.# #.########## #w#
#...........
#.#######.#.P.####.#
#.##........♣P.###..
#.##.####...♣PPP..)#
#.##.###....♣......#
#.##.##P.P.♣♣.P.....
#.##......♣♣♣♣P..P.#
#gw@...P.♣♣.♣P.♣♣..#
########...P♣♣.P....
##P..♣.......
##.P♣♣..)...
##PP...##)#
#..#..##)#
#..#..##.#
#........#
#.##..##..


You could see a worm and a hobgoblin.

Vanquished Creatures
  An adder (D:2)
  A dart slug (D:1)
  2 leopard geckos (D:1)
  A giant cockroach (D:1)
  4 goblins
  5 hobgoblins (D:1)
  6 kobolds (D:1)
  A ball python (D:1)
  2 frilled lizards (D:1)
  A rat (D:1)
24 creatures vanquished.

Vanquished Creatures (others)
  A bush (D:1)
1 creature vanquished.

Grand Total: 25 creatures vanquished

Notes
Turn   | Place    | Note
-------+----------+-------------------------------------------
     0 | D:1      | DerDa the Demonspawn Ice Elementalist began the quest for
                  | the Orb.
     0 | D:1      | Reached XP level 1. HP: 13/13 MP: 3/3
   281 | D:1      | Gained mutation: You have sharp toenails. [demonic
                  | ancestry]
   281 | D:1      | Reached XP level 2. HP: 16/19 MP: 0/5
   882 | D:1      | Reached skill level 4 in Ice Magic
  1187 | D:2      | Reached XP level 3. HP: 9/24 MP: 1/7
  1514 | D:1      | Slain by a worm

Illustrated notes

Levels and vault maps discovered:
D:1:      wander_arrival_chamber, layout_loops_ring, serial_forest,
          infiniplex_forest_clump_C, infiniplex_forest_clump_cross,
          infiniplex_forest_end_1, infiniplex_forest_straight_4,
          infiniplex_forest_end_2, infiniplex_forest_lined_ring,
          infiniplex_forest_end_2, infiniplex_forest_corner_2
D:2:      kennysheep_the_goblin_king, layout_rooms,
          nicolae_tso_carved_into_rock, nicolae_qazlal_style_of_elements,
          marbit_many_paths, minmay_pentomino_w4

Skill      XL: |  1  2 |
---------------+-------+-----
Dodging        | 2 |  2.1
Ice Magic      | 4 |  4.0
Stealth        | |  1.7
Spellcasting   | |  2.7

Action                   || total
-------------------------++-------
Melee: Whip              ||     5
 Cast: Freeze            ||    40
  Eat: Chunk             ||     1
Armor: Robe              ||     7
Dodge: Dodged            ||    22

Table legend:
 A = Non-vault XP
 B = Vault XP
 C = Vault XP percentage of total XP
 D = Non-vault monster count
 E = Vault monster count
 F = Vault count percentage of total count
                 A         B        C        D         E       F
            +---------+---------+-------+---------+---------+-------
      Total |      41 |      16 |  28.1 |      21 |       3 |  12.5
            +---------+---------+-------+---------+---------+-------
        D:1 |      39 |       3 |   7.1 |      20 |       2 |   9.1
        D:2 |       2 |      13 |  86.7 |       1 |       1 |  50.0
            +---------+---------+-------+---------+---------+-------
